 Dungeon Crawl Stone Soup version 0.28-a0-413-gde365fb1df (webtiles) character file.

Game seed: 17435044452351108554

62 GordonOverkill the Grave Robber (level 3, -1/16 HPs)
             Began as a Felid Necromancer on Sept 7, 2021.
             Slain by a worm (9 damage)
             ... on level 2 of the Dungeon.
             The game lasted 00:03:07 (3451 turns).

GordonOverkill the Grave Robber (Felid Necromancer) Turns: 3451, Time: 00:03:07

Health: -1/16      AC:  1    Str:  4    XL:     3   Next: 85%
Magic:  0/8        EV: 17    Int: 17    God:
Gold:   29         SH:  0    Dex: 16    Spells: 7/8 levels left
                                        Lives:  0   Deaths: 0

rFire   . . .      SeeInvis +   (weapon unavailable)
rCold   . . .      Faith    .   (shield unavailable)
rNeg    . . .      Spirit   .   (armour unavailable)
rPois   .          Reflect  .   (helmet unavailable)
rElec   .          Harm     .   (cloak unavailable)
rCorr   .          Rampage  .   (gloves unavailable)
Will    .....                   (boots unavailable)
Stlth   ++........              (no amulet)
HPRegen 0.05/turn               (no ring)
MPRegen 0.11/turn               (no ring)

@: quick
A: very small, claws 1, fangs 3, see invisible, speed 1, shaggy fur 1, stealthy
paws, no weapons or thrown items, no armour, multi-lived
a: no special abilities


You were on level 2 of the Dungeon.
You visited 1 branch of the dungeon, and saw 2 of its levels.

You collected 29 gold pieces.

Inventory:

Scrolls
 b - a scroll of silence {unknown}
 c - 2 scrolls of identify
Potions
 a - 2 potions of heal wounds
 d - a potion of curing


   Skills:
 + Level 2.3 Fighting
 - Level 2.6 Dodging
 - Level 2.6 Stealth
 + Level 3.1 Spellcasting
 - Level 4.0 Necromancy


You had 7 spell levels left.
You knew the following spells:

 Your Spells              Type           Power      Damage    Failure   Level
a - Pain                  Necr           64%        1d7       3%          1

Your spell library contained the following spells:

 Spells                   Type           Power      Damage    Failure   Level
 Animate Skeleton         Necr           32%        N/A       3%          1
 Vampiric Draining        Necr           8%         2d7       10%         3
 Foxfire                  Conj/Fire      8%         2x1d4     17%         1
 Animate Dead             Necr           8%         N/A       32%         4
 Conjure Flame            Conj/Fire      2%         6-21      45%         3
 Inner Flame              Hex/Fire       2%         N/A       45%         3
 Agony                    Necr           16%        N/A       67%         5
 Flame Wave               Conj/Fire      2%         3d3       86%         4


Dungeon Overview and Level Annotations

Branches:
Dungeon (2/15)

Altars:


Innate Abilities, Weirdness & Mutations

You have sharp claws.
You have razor-sharp teeth.
You have supernaturally acute eyesight. (SInv)
You cover ground quickly. (Speed+)
You are covered in fur. (AC +1)
Your paws help you pounce on unaware monsters.
You are incapable of wielding weapons or throwing items.
You cannot wear armour.
You gain extra lives every three experience levels.


Message History

Aim: a worm (chance to affect: 81%)
The worm writhes in agony.
Casting: Pain (safe; 3% risk of failure)
Confirm with . or Enter, or press ? or * to list all spells.
Aiming: Pain (safe; 3% risk of failure)
Press: ? - help, Shift-Dir - straight line, f/p - worm
Aim: a worm (moderately wounded, chance to affect: 81%)
The worm barely resists.
Casting: Pain (safe; 3% risk of failure)
Confirm with . or Enter, or press ? or * to list all spells.
Aiming: Pain (safe; 3% risk of failure)
Press: ? - help, Shift-Dir - straight line, f/p - worm
Aim: a worm (lightly wounded, chance to affect: 81%)
The worm barely resists.
Casting: Pain (safe; 3% risk of failure)
Confirm with . or Enter, or press ? or * to list all spells.
Aiming: Pain (safe; 3% risk of failure)
Press: ? - help, Shift-Dir - straight line, f/p - worm
Aim: a worm (lightly wounded, chance to affect: 81%)
The worm writhes in agony.
Casting: Pain (safe; 3% risk of failure)
Confirm with . or Enter, or press ? or * to list all spells.
Aiming: Pain (safe; 3% risk of failure)
Press: ? - help, Shift-Dir - straight line, f/p - worm
Aim: a worm (moderately wounded, chance to affect: 81%)
The worm barely resists.
Casting: Pain (safe; 3% risk of failure)
Confirm with . or Enter, or press ? or * to list all spells.
Aiming: Pain (safe; 3% risk of failure)
Press: ? - help, Shift-Dir - straight line, f/p - worm
Aim: a worm (moderately wounded, chance to affect: 81%)
The worm writhes in agony.
Casting: Pain (safe; 3% risk of failure)
Confirm with . or Enter, or press ? or * to list all spells.
Aiming: Pain (safe; 3% risk of failure)
Press: ? - help, Shift-Dir - straight line, f/p - worm
Aim: a worm (heavily wounded, chance to affect: 81%)
The worm writhes in agony.
The worm bites you!
Ouch! That really hurt!
You die...

###### #.#.# # .....# #.#.# #
####.## #)#.# # #..# #.#.# #
##.## #.#.####
#####..###################.......
....).........................>..
######.#########.################
#..# #@# #.........
#######.###### #w# #.########
#............# #.# #.#
#......).....# #.. #.#
#............# ... #.#
#............# ##.# #.#
#............# .# #.#
#............# #) #.#
#.......(....# #.#


You could see a worm.

Vanquished Creatures
  An adder (D:2)
  2 worms (D:2)
  A dart slug (D:1)
  6 endoplasms
  6 giant cockroaches
  4 goblins
  6 kobolds
  3 quokkas
  3 ball pythons
  2 bats (D:1)
  2 frilled lizards
  8 rats
44 creatures vanquished.

Vanquished Creatures (others)
  2 plants (D:1)
  6 withered plants (D:1)
8 creatures vanquished.

Grand Total: 52 creatures vanquished

Notes
Turn   | Place    | Note
-------+----------+-------------------------------------------
     0 | D:1      | GordonOverkill the Felid Necromancer began the quest for
                  | the Orb.
     0 | D:1      | Reached XP level 1. HP: 7/7 MP: 4/4
   517 | D:1      | Reached skill level 1 in Fighting
   662 | D:1      | Reached XP level 2. HP: 8/12 MP: 1/6
  1828 | D:1      | Found a faded altar of an unknown god.
  2308 | D:2      | Reached XP level 3. HP: 11/16 MP: 2/8
  3451 | D:2      | Slain by a worm

Illustrated notes

Levels and vault maps discovered:
D:1:      sevenhm_arrival_forest_fort_large_4, layout_loops_corners,
          shapermc_ecumenical_altar_flowoftime
D:2:      layout_basic, minmay_tall_x

Skill      XL: |  1  2  3 |
---------------+----------+-----
Fighting       | 1 2 |  2.3
Spellcasting   | 3 |  3.1
Dodging        | |  2.6
Stealth        | |  2.6
Necromancy     | |  4.0

Action                   || total
-------------------------++-------
Melee: Unarmed           ||    25
       Bite              ||     3
 Cast: Pain              ||    93
  Use: Potion            ||     3
       Scroll            ||     2
 Stab: Sleeping          ||     3
Dodge: Dodged            ||     2

Table legend: (Time is in decaauts)
 A = Elapsed time spent in this place.
 B = Non-inter-level travel time spent in this place.
 C = Inter-level travel time spent in this place.
 D = Time resting spent in this place.
 E = Time spent auto-exploring this place.
 F = Levels seen in this place.
 G = Mean time per level.
                   A        B        C        D        E       F      G
               +--------+--------+--------+--------+--------+-----+--------+
         Total |   3200 |   3159 |     41 |   1987 |    854 |   2 | 1600.0 |
       Dungeon |   3200 |   3159 |     41 |   1987 |    854 |   2 | 1600.0 |
               +--------+--------+--------+--------+--------+-----+--------+

Top non-repeatable levels by time:
     D:1: 2118 daAuts
     D:2: 1082 daAuts
